 Dungeon Crawl Stone Soup version 0.32-a0-599-gba8f9cf (webtiles) character file.

Game seed: 13802358998867693906

2456857 Ray the Coglin Blade (level 27, 229/229 HPs)
             Began as a Coglin Warper on Mar 2, 2024.
             Was an Initiate of Gozag.
             Escaped with the Orb
             ... and 4 runes!
             The game lasted 01:31:49 (65755 turns).

Ray the Coglin Blade (Coglin Warper)               Turns: 65755, Time: 01:31:49

Health: 229/229    AC: 14    Str: 20    XL:     27
Magic:  49/56      EV: 37    Int: 17    God:    Gozag
Gold:   1721       SH:  0    Dex: 30    Spells: 43/64 levels left

rFire   . . .        S - +9 double sword (heavy) {Hajoon}
rCold   + . .        V - +5 demon blade (flame) {Daichi}
rNeg    . . .        R - +1 robe of Vines {NoPotionHeal Regen++++}
rPois   .            s - +3 hat of Pondering {ponderous, Will+ MP+10 Int+5}
rElec   +            u - +0 cloak "Humoeh" {+Blink rElec Regen+ Str+3}
rCorr   .            v - +0 pair of gloves of the gadgeteer {Gadgeteer Wandboost ^Fragile}
SInv    .            r - +4 pair of boots "Ylump" {+Inv Str+5}
Will    +++..        (amulet unavailable)
Stlth   +            (ring unavailable)
HPRegen 5.38/turn    (ring unavailable)
MPRegen 0.75/turn    m - adeledicnander cryoactuator {rC+ Regen+ RegenMP+ Slay+3}

%: no passive effects
@: gold aura, studying 4 skills, revving, slow
A: off-hand wielding, slow wielding, warmup strikes, no jewellery, agile 1,
deterioration 1
0: Orb of Zot
}: 4/15 runes: decaying, slimy, silver, gossamer
a: Renounce Religion, Evoke Blink, Evoke Invisibility, Potion Petition, Call
Merchant, Bribe Branch


You escaped.
You worshipped Gozag.
Gozag was most pleased with you.
You visited 12 branches of the dungeon, and saw 56 of its levels.
You also visited: Gauntlet and Wizlab.

You collected 33247 gold pieces.
You spent 5479 gold pieces at shops.
You paid 26047 gold pieces to Gozag.

Inventory:

Hand Weapons
 F - a +3 double sword of draining
 O - the +9 sword of Zonguldrok {reap}
   (You took it off an antique champion in a wizard's laboratory)
 S - a +9 heavy double sword (weapon) {Hajoon}
 V - a +5 demon blade of flaming (offhand) {Daichi}
 Y - the +8 demon blade "Leech" {evervamp, Harm ^Drain rN+}
   (You found it on level 3 of the Crypt)

   rN+:       It protects you from negative energy.
   ^Drain:    It drains your maximum health when unequipped.
   Harm:      It increases damage dealt and taken.
Missiles
 q - 14 curare-tipped darts (quivered)
 W - a throwing net
Armour
 g - the +13 crystal plate armour "Qefforurei" {Regen+ Str+4}
   (You found it in a wizard's laboratory)

   Str+4:     It affects your strength (+4).
   Regen+:    It increases your rate of health regeneration.
 r - the +4 pair of boots "Ylump" (worn) {+Inv Str+5}
   (You bought it in a shop on level 2 of the Depths)

   Str+5:     It affects your strength (+5).
   +Inv:      It lets you turn invisible.
 s - the +3 hat of Pondering (worn) {ponderous, Will+ MP+10 Int+5}
   (You took it off Gastronok on level 1 of the Lair of Beasts)

   Int+5:     It affects your intelligence (+5).
   Will+:     It increases your willpower.
   MP+10:     It affects your magic capacity (+10).
 u - the +0 cloak "Humoeh" (worn) {+Blink rElec Regen+ Str+3}
   (You acquired it on level 1 of the Lair of Beasts)

   Str+3:     It affects your strength (+3).
   rElec:     It insulates you from electricity.
   +Blink:    It lets you blink.
   Regen+:    It increases your rate of health regeneration.
 v - the +0 pair of gloves of the gadgeteer (worn) {Gadgeteer Wandboost ^Fragile}
   (You found it on level 3 of the Elven Halls)

   Gadgeteer: Your evocable items recharge 30% faster and wands have a 30%
   chance to not spend a charge.
   Wandboost: Your wands are more powerful.
   ^Fragile:  It will be destroyed if unequipped.
 G - the +4 ring mail of Durar {rC+ Will++ Int+2 Dex-5}
   (You bought it in a shop on level 10 of the Dungeon)

   Int+2:     It affects your intelligence (+2).
   Dex-5:     It affects your dexterity (-5).
   rC+:       It protects you from cold.
   Will++:    It greatly increases your willpower.
 N - the +2 hat of Dawn {+Blink rF+++ Int+5 Dex-4}
   (You found it in a Gauntlet)

   Int+5:     It affects your intelligence (+5).
   Dex-4:     It affects your dexterity (-4).
   rF+++:     It renders you almost immune to fire.
   +Blink:    It lets you blink.
 R - the +1 robe of Vines (worn) {NoPotionHeal Regen++++}
   (You found it on level 3 of the Lair of Beasts)

   NoPotionHeal: Its wearer cannot be healed by potions.
   Regen++++: It increases your rate of health regeneration.
Gizmo
 m - an adeledicnander cryoactuator (installed) {rC+ Regen+ RegenMP+ Slay+3}
   (You invented it yourself on level 2 of the Lair of Beasts)

   [adeledicnander cryoactuator]

   Slay+3:    It affects your accuracy & damage with ranged weapons and melee
   (+3).
   rC+:       It protects you from cold.
   Regen+:    It increases your rate of health regeneration.
   RegenMP+:  It increases your rate of magic regeneration.
Wands
 d - a wand of roots (64)
 e - a wand of acid (22)
 f - a wand of flame (132)
 n - a wand of mindburst (24)
 H - a wand of digging (31)
Scrolls
 c - 14 scrolls of blinking
 h - 9 scrolls of brand weapon
 i - 6 scrolls of revelation
 o - 35 scrolls of teleportation
 y - a scroll of enchant weapon
 C - 5 scrolls of butterflies
 D - 9 scrolls of vulnerability
 I - 8 scrolls of fear
 L - 9 scrolls of fog
 M - 8 scrolls of immolation {!r!r}
 P - 6 scrolls of silence
 X - 4 scrolls of enchant armour
Potions
 a - 8 potions of magic
 k - 6 potions of resistance
 l - 6 potions of cancellation
 p - 11 potions of lignification {!q!q}
 t - 8 potions of mutation
 w - 12 potions of might
 x - 9 potions of ambrosia
 z - 6 potions of enlightenment
 A - 8 potions of brilliance
 B - 23 potions of curing
 J - 2 potions of invisibility
 Q - 16 potions of heal wounds
 T - 7 potions of attraction
 U - 9 potions of haste
Miscellaneous
 b - a condenser vane
 E - a lightning rod (4/4)
 K - a sack of spiders
 Z - a phial of floods


   Skills:
 * Level 21.5 Fighting
 * Level 24.9 Long Blades
 - Level 0.8 Throwing
 + Level 7.5 Armour
 * Level 21.4 Dodging
 * Level 19.4 Spellcasting
 - Level 13.0 Necromancy
 - Level 20.0 Translocations
 - Level 18.0 Evocations


You had 43 spell levels left.
You knew the following spells:

 Your Spells              Type           Power      Damage    Failure   Level
a - Fugue of the Fallen   Necr           57%        N/A       1%          3
b - Sublimation of Blood  Necr           57%        N/A       1%          2
c - Manifold Assault      Tloc           71%        N/A       0%          4
d - Vhi's Electric Charg  Tloc/Air       100%       N/A       1%          4
e - Lesser Beckoning      Tloc           100%       N/A       0%          2
f - Blink                 Tloc           100%       N/A       0%          2
g - Passage of Golubria   Tloc           71%        N/A       0%          4

Your spell library contained the following spells:

 Spells                   Type           Power      Damage    Failure   Level
 Apportation              Tloc           100%       N/A       0%          1
 Necrotise                Necr           100%       1d9       0%          1
 Gell's Gravitas          Tloc           71%        N/A       0%          3
 Teleport Other           Tloc           71%        N/A       0%          3
 Kiss of Death            Conj/Necr      100%       2d13      1%          1
 Momentum Strike          Conj/Tloc      100%       3d10      1%          2
 Volatile Blastmotes      Fire/Tloc      100%       2d18      1%          3
 Dimensional Bullseye     Hex/Tloc       25%        N/A       1%          4
 Iskenderun's Mystic Bla  Conj/Tloc      50%        2d11      1%          4
 Curse of Agony           Necr           57%        N/A       1%          5
 Summon Forest            Summ/Tloc      25%        N/A       1%          5
 Dispersal                Tloc           35%        N/A       1%          6
 Anguish                  Hex/Necr       19%        N/A       2%          4
 Martyr's Knell           Necr/Summ      38%        N/A       2%          4
 Freeze                   Ice            64%        1d7       3%          1
 Sandblast                Erth           32%        2d9       3%          1
 Sting                    Conj/Alch      64%        1d7       3%          1
 Call Imp                 Summ           32%        N/A       4%          2
 Ensorcelled Hibernation  Hex/Ice        32%        N/A       4%          2
 Jinxbite                 Hex            32%        N/A       4%          2
 Scorch                   Fire           32%        2d6       4%          2
 Static Discharge         Conj/Air       32%        3-5/arc   4%          2
 Borgnjor's Vile Clutch   Necr/Erth      19%        N/A       6%          5
 Dazzling Flash           Conj/Hex       32%        N/A       10%         3
 Frozen Ramparts          Ice            32%        1d5       10%         3
 Mephitic Cloud           Conj/Alch/Air  16%        N/A       10%         3
 Ozocubu's Armour         Ice            16%        N/A       10%         3
 Tukima's Dance           Hex            16%        N/A       10%         3
 Airstrike                Air            8%         2d(2-18)  32%         4
 Animate Armour           Summ/Erth      32%        N/A       32%         4
 Cause Fear               Hex            8%         N/A       32%         4
 Flame Wave               Conj/Fire      16%        2d7       32%         4
 Fulminant Prism          Conj/Alch      8%         3d7       32%         4
 Ignite Poison            Fire/Alch      16%        N/A       32%         4
 Leda's Liquefaction      Alch/Erth      8%         N/A       32%         4
 Olgreb's Toxic Radiance  Alch           16%        N/A       32%         4
 Petrify                  Alch/Erth      16%        N/A       32%         4
 Sticky Flame             Fire/Alch      16%        2d5       32%         4
 Summon Lightning Spire   Summ/Air       16%        N/A       32%         4
 Malign Gateway           Summ/Tloc      25%        N/A       41%         7
 Alistair's Intoxication  Alch           10%        N/A       65%         5
 Arcjolt                  Conj/Air       8%         1d18      65%         5
 Fireball                 Conj/Fire      8%         3d6       65%         5
 Freezing Cloud           Conj/Ice/Air   8%         6-21      65%         5
 Irradiate                Conj/Alch      8%         3d14      65%         5
 Iskenderun's Battlesphe  Conj           16%        2d7       65%         5
 Lee's Rapid Deconstruct  Erth           8%         3d7*      65%         5
 Metabolic Englaciation   Hex/Ice        8%         N/A       65%         5
 Silence                  Hex/Air        8%         N/A       65%         5
 Summon Mana Viper        Hex/Summ       16%        N/A       65%         5
 Yara's Violent Unravell  Hex/Alch       8%         3d5       65%         5
 Infestation              Necr           28%        N/A       69%         8
 Haunt                    Necr/Summ      19%        N/A       88%         7
 Bombard                  Conj/Erth      8%         9d2       99%         6
 Conjure Ball Lightning   Conj/Air       8%         3x3d6     99%         6
 Eringya's Noxious Bog    Alch           8%         4d6       99%         6
 Plasma Beam              Fire/Air       8%         2x1d18    99%         6
 Sculpt Simulacrum        Ice/Alch       8%         N/A       99%         6
 Starburst                Conj/Fire      8%         6d4       99%         6
 Summon Cactus Giant      Summ           8%         N/A       99%         6
 Enfeeble                 Hex            8%         N/A       100%        7
 Ozocubu's Refrigeration  Ice            8%         4d9       100%        7
 Spellforged Servitor     Conj/Summ      8%         N/A       100%        7
 Summon Hydra             Summ           8%         N/A       100%        7
 Discord                  Hex            8%         N/A       100%        8
 Ignition                 Fire           8%         3d5       100%        8
 Lehudib's Crystal Spear  Conj/Erth      8%         10d3      100%        8
 Maxwell's Capacitive Co  Air            8%         ∞         100%        8
 Summon Horrible Things   Summ           8%         N/A       100%        8
 Fire Storm               Conj/Fire      8%         8d2       100%        9
 Shatter                  Erth           8%         3d10*     100%        9


Dungeon Overview and Level Annotations

Branches:
Dungeon (15/15)            Temple (1/1) D:6            Lair (5/5) D:9
  Swamp (4/4) Lair:3       Spider (4/4) Lair:3        Slime (5/5) Lair:4
    Orc (2/2) D:10            Elf (3/3) Orc:2        Vaults (5/5) D:13
  Crypt (3/3) Vaults:2       Tomb (0/3) Crypt:3      Depths (4/4) D:15
    Zot (5/5) Depths:4     WizLab (visited)         Gauntlet (visited)

Altars:
Ashenzari
Cheibriados
Dithmenos
Elyvilon
Fedhas
Gozag
Hepliaklqana
Kikubaaqudgha
Makhleb
Nemelex Xobeh
Okawaru
Qazlal
Ru
Sif Muna
Trog
Uskayaw
Vehumet
Wu Jian
Xom
Yredelemnul
Zin
The Shining One
Beogh
Jiyva

Shops:
D:9 (   D:10 [   D:13 [?*   Orc:2 ((([   Elf:1 [*   Elf:2 (   Lair:4 (
Spider:1 (   Zot:1 =   Depths:1 *   Depths:2 *([[*:   Depths:4 ([[

Portals:
Hell: Depths:1 Depths:2 Depths:3 Depths:4
Abyss: Depths:3 Depths:4
Pandemonium: Depths:2
Ziggurat: Depths:2

Annotations:
Crypt:2 36 runed translucent doors
Zot:2 1 transporter
Zot:3 4 transporters, Axujocy's ghost, master DsHu


Innate Abilities, Weirdness & Mutations

You can wield a second weapon in your off-hand.
It takes a long time for you to wield or remove held weapons.
Your first few attacks do less damage.
You cannot equip rings or amulets.
You are agile. (Dex +4, Str/Int -1)
Your body sometimes deteriorates upon taking damage.


Message History

Casting: Manifold Assault (safe; 0% risk of failure)
Confirm with . or Enter, or press ? or * to list all spells.
You can't see anything to attack.
Casting: Manifold Assault (safe; 0% risk of failure)
Confirm with . or Enter, or press ? or * to list all spells.
You can't see anything to attack.
What level of the Dungeon? (default 1, ? - help)
There is a stone staircase leading up here.
You climb upwards.
There is a stone staircase leading down here.
You see here a +0 club.
An ice devil comes into view.
Casting: Manifold Assault (safe; 0% risk of failure)
Confirm with . or Enter, or press ? or * to list all spells.
Space momentarily warps into an impossible shape!
You slice the ice devil with your +5 demon blade of flaming!!
You burn the ice devil.
You slash the ice devil with your +9 heavy double sword!
Casting: Manifold Assault (safe; 0% risk of failure)
Confirm with . or Enter, or press ? or * to list all spells.
Space momentarily warps into an impossible shape!
You hit the ice devil but do no damage.
You slash the ice devil with your +9 heavy double sword!
Casting: Manifold Assault (safe; 0% risk of failure)
Confirm with . or Enter, or press ? or * to list all spells.
Space momentarily warps into an impossible shape!
You slice the ice devil with your +5 demon blade of flaming!!
You burn the ice devil.
You kill the ice devil!
Casting: Manifold Assault (safe; 0% risk of failure)
Confirm with . or Enter, or press ? or * to list all spells.
You can't see anything to attack.
There is a staircase leading out of the dungeon here.
You are studying Polearms, Staves, Throwing and Hexes.
You're starting to limber up.
Your movement speed is slow.
Your attack delay is about 0.8 (and cannot be improved with additional weapon skill).
Your damage rating with your +9 heavy double sword {Hajoon} is about 94 (Base [15 + 12 (Hvy)] x 150% (Dex) x 202% (Skill) + 12 (Ench + Slay)).
Your damage rating with your +5 demon blade of flaming {Daichi} is about 47 (Base 13 x 150% (Dex) x 202% (Skill) + 8 (Ench + Slay)).
Your base attributes are Str 13, Int 13, Dex 26.
You have escaped!

##........###.## ##.###.#.#..# ##
#..###.#####...###...###.#...####
#.## #.# #....'.'....##.##....##
#.# #.# ##..(#+#...###.#.......
#.# #.######.##.##.## ##.#.##.##
#.# #....###'##.##'## #.#.##...
#.# ####.##.##.).##.####.#.....#
#.# #.#.##.....##.#...#####.. #.#
#.##'...@...'##..## ##) #.#
###.####.$...#####.# #. #.#
##...## ##...### #.# #.
#.####..#..# ##.##.# #.# #.
#......###.#####.##.####.# #.
######..#................# #.
##...###.############ #. ##.##
#.########## #. #.# #..........#
##


There were no monsters in sight!

Vanquished Creatures
  the Royal Jelly (Slime:5)
  2 orbs of fire
  An ancient lich (Vaults:3)
  Mennas (Vaults:4)
  Mara (Swamp:4)
  A juggernaut (Depths:2)
  4 pandemonium lords
  Boris (5 times) (Vaults:4 Depths:1 Crypt:1 Crypt:2 Depths:4)
  Bai Suzhen (Depths:2)
  2 antique champions (WizLab)
  The ghost of Xarghoihy the Minotaur Barricade, a veteran MiCA of Jiyva (Depths:1)
  Saint Roka (Depths:1)
  the Lernaean hydra (Swamp:4)
  3 curse toes
  2 Killer Klowns (Zot:1)
  A caustic shrike (Depths:3)
  Nikola (Spider:3)
  the Enchantress (Depths:1)
  11 golden dragons
  Norris (Vaults:3)
  Arachne (Spider:3)
  4 electric golems
  2 hellephants (Depths:1)
  Jorgrun (D:15)
  Rupert (D:12)
  19 tentacled monstrosities
  A walking earthen tome (Depths:3)
  A walking crystal tome (Depths:3)
  2 Hell Sentinels (Zot:4)
  7 titans
  8 liches
  6 quicksilver dragons
  11 Orb Guardians
  2 walking divine tomes (Depths:3)
  Asterion (Vaults:3)
  17 acid blobs
  3 deep elf master archers (Elf:3)
  2 Executioners
  10 sphinxes
  8 death cobs
  The ghost of Teudis the Warrior, an adept OnIE of Okawaru (Spider:3)
  5 ancient champions
  2 deep elf blademasters
  10 tengu reavers
  Gastronok (Lair:1)
  Kirke (Lair:3)
  Roxanne (Swamp:4)
  10 shadow dragons
  4 draconian monks
  15 storm dragons
  Donald (Swamp:4)
  The ghost of december12 the Fencer, an adept BaAr of Makhleb (Swamp:1)
  2 protean progenitors
  3 revenants (Crypt:3)
  Aizul (Swamp:1)
  9 rockslimes
  15 fire giants
  An iron dragon (Vaults:5)
  5 draconian shifters
  12 azure jellies
  3 fenstrider witches
  13 vault wardens
  A demonspawn warmonger (Zot:1)
  6 deep elf sorcerers
  8 draconian knights
  A balrug (Zot:1)
  4 spectral caustic shrikes (Depths:4)
  4 emperor scorpions
  7 frost giants
  A daeva (Depths:2)
  The ghost of Huckle the Eclecticist, an adept SpFi of Okawaru (Elf:3)
  3 draconian stormcallers
  8 draconian scorchers
  A reaper (Zot:1)
  6 ghost moths
  5 orc warlords
  10 ghouls
  3 curse skulls
  Louise (Swamp:1)
  2 cacodemons
  A demonspawn blood saint (Zot:1)
  5 deep elf elementalists (Elf:3)
  12 quicksilver oozes
  6 spriggan defenders
  14 ironbound preservers
  19 very ugly things
  4 draconian annihilators
  8 broodmothers
  6 ironbound thunderhulks
  Nessos (Lair:5)
  A demonspawn corrupter (Depths:1)
  3 formless jellyfish (Slime:5)
  14 stone giants
  14 vampire knights
  17 black draconians
  6 deep elf death magi
  12 green draconians
  The ghost of december12 the Fencer, a journeyman BaAr of Makhleb (D:15)
  6 deep elf demonologists
  The ghost of arrowsters the Fencer, a journeyman CoGl of Wu Jian (Lair:5)
  Azrael (Spider:3)
  7 eleionomae
  9 deep elf annihilators
  16 red draconians
  6 bunyips
  A lorocyproca (Depths:1)
  11 yellow draconians
  2 minotaurs
  2 spectral titans (Crypt:3)
  14 dire elephants
  11 purple draconians
  4 spark wasps
  22 white draconians
  13 jiangshi
  8 war gargoyles
  Snorg (Lair:4)
  6 eidola
  Josephine (Lair:5)
  A merfolk javelineer (Depths:2)
  7 fire dragons
  19 ettins
  A shambling mangrove (Swamp:3)
  5 entropy weavers
  A quicksilver dragon skeleton (Crypt:3)
  3 great orbs of eyes
  9 deep elf high priests
  19 yaktaur captains
  6 ghost crabs
  37 vault guards
  Erolcha (D:12)
  Fannar (D:12)
  9 ice dragons
  10 alligators
  A merfolk avatar (Lair:5)
  A peacekeeper (Vaults:2)
  2 rakshasas
  5 spriggan air magi
  8 radroaches
  2 ogre magi (Vaults:5)
  20 hydras
  8 ironbound frosthearts
  10 boulder beetles
  26 dancing weapons
  7 death knights
  13 centaur warriors
  2 anacondas
  3 jorogumos
  3 hell hogs (Depths:1)
  9 two-headed ogres
  6 occultists
  12 deep troll shamans
  A satyr (Zot:3)
  9 deep troll earth magi
  14 tengu warriors
  3 orc high priests
  6 demonic crawlers
  7 spriggan berserkers
  8 vampire magi
  7 death yaks
  Urug (Orc:1)
  A titan zombie (Crypt:3)
  Nergalle (Lair:3)
  3 sun demons (Zot:1)
  10 hell knights
  22 deep elf knights
  A titan skeleton (Vaults:2)
  Sonja (D:11)
  A storm dragon skeleton (WizLab)
  Amaemon (Lair:2)
  4 death drakes (Swamp:3)
  11 iron trolls
  A sea snake (Lair:5)
  A fire crab (Lair:5)
  17 shadow wraiths
  64 deep trolls
  A fire crab (shapeshifter) (Depths:3)
  5 skysharks
  25 skeletal warriors
  A deep troll (shapeshifter) (Vaults:5)
  A ghost moth zombie (Crypt:1)
  8 orb spiders
  5 spriggan druids
  5 pharaoh ants
  4 goliath frogs
  A spectral iron dragon (Crypt:3)
  11 swamp dragons
  The ghost of Agrajag the Ruffian, a novice TrFi of Wu Jian (D:7)
  A mana viper (shapeshifter) (Vaults:5)
  A swamp dragon (shapeshifter) (Vaults:5)
  2 orange crystal statues (Elf:1)
  5 glowing orange brains
  5 deep elf archers
  6 flayed ghosts
  A tengu zombie (Vaults:2)
  9 bog bodies
  5 steelbarb worms
  10 ironbound convokers
  5 lindwurms
  19 orc knights
  34 phantasmal warriors
  Pikel (D:9)
  5 arcanists
  An obsidian statue (Elf:1)
  8 necromancers
  20 deep elf pyromancers
  30 deep elf zephyrmancers
  2 oklob plants
  A thermic dynamo (Elf:2)
  4 orc sorcerers
  A salamander (Depths:1)
  The ghost of cinnamon the Skirmisher, a novice CoHu of Okawaru (D:6)
  30 wolf spiders
  4 cyclopes
  2 spectral ettins (Crypt:3)
  21 ugly things
  A jorogumo skeleton (Crypt:3)
  A shining eye (shapeshifter) (Depths:3)
  7 will-o-the-wisps
  A stone giant zombie (WizLab)
  5 manticores
  A rust devil (Gauntlet)
  28 moths of wrath
  5 shining eyes
  21 elephants
  A goliath frog skeleton (Crypt:2)
  7 kobold blastminers
  23 vault sentinels
  3 meliai (Spider:4)
  17 black mambas
  A dire elephant zombie (Crypt:2)
  24 cane toads
  A smoke demon (Zot:5)
  6 torpor snails
  An eye of devastation (Slime:1)
  A storm dragon simulacrum (WizLab)
  2 orange demons
  A hellion (Zot:5)
  6 rime drakes
  Maggie (Lair:2)
  2 gargoyles
  5 large abominations
  6 unseen horrors
  12 komodo dragons
  Jeremiah (D:7)
  A grey draconian zombie (Crypt:2)
  37 yaktaurs
  2 tengu conjurers
  11 freezing wraiths
  2 ice devils
  An unseen horror skeleton (Crypt:3)
  A death yak skeleton (Crypt:1)
  2 red devils (Zot:5)
  A spectral harpy (Crypt:3)
  4 trolls
  A golden dragon simulacrum (WizLab)
  10 tyrant leeches
  3 hellwings (Zot:5)
  32 tarantellas
  A tengu simulacrum (Vaults:2)
  10 bloated husks
  2 wind drakes (Lair:5)
  4 polar bears
  A wolf spider simulacrum (D:14)
  14 hornets
  14 blink frogs
  A raiju (shapeshifter) (D:13)
  A wind drake (shapeshifter) (Depths:4)
  An elf zombie (Vaults:2)
  A snapping turtle (Lair:5)
  A snapping turtle (shapeshifter) (Elf:2)
  37 jumping spiders
  3 glass eyes
  2 air elementals
  2 elf skeletons (Vaults:2)
  23 culicivoras
  11 shadows
  A fire dragon skeleton (Crypt:1)
  101 slime creatures
  A ynoxinul (Gauntlet)
  16 spriggans
  2 ice dragon skeletons (Crypt:2)
  14 wraiths
  2 vampires
  6 wyverns
  2 hogs (Lair:3)
  8 basilisks
  7 water elementals
  6 fire elementals
  A hog (shapeshifter) (Depths:3)
  69 yaks
  17 humans
  51 redbacks
  3 wargs
  5 golden eyes
  Grum (D:10)
  5 steam dragons
  4 chaos spawn
  15 vampire mosquitoes
  A swamp worm (shapeshifter) (Vaults:5)
  A glowing shapeshifter zombie (Vaults:2)
  A merfolk zombie (Crypt:3)
  A faun zombie (Crypt:3)
  8 small abominations (Depths:3)
  18 swamp worms
  5 acid dragons
  17 water moccasins
  A two-headed ogre zombie (WizLab)
  2 fire bat skeletons
  4 hell hounds
  A deep troll skeleton (WizLab)
  A glowing shapeshifter skeleton (Vaults:2)
  A manticore zombie (Crypt:1)
  41 orc warriors
  2 ice beasts
  4 sky beasts
  8 swamp drakes
  2 laughing skulls (D:15)
  4 boggarts (D:15)
  5 black bears
  26 wolves
  9 ogres
  11 centaurs
  A human skeleton (Vaults:2)
  2 lemures (D:9)
  A swamp dragon skeleton (WizLab)
  2 phantoms
  5 kobold brigands
  A vine stalker zombie (Crypt:2)
  9 weeping skulls (Crypt:3)
  4 earth elementals
  17 bullfrogs
  5 scorpions
  2 deep troll simulacra (WizLab)
  A shapeshifter zombie (Crypt:1)
  5 killer bees (D:10)
  A swamp dragon simulacrum (WizLab)
  A queen bee zombie (Crypt:1)
  An electric eel (Lair:4)
  12 howler monkeys
  2 bombardier beetles
  A jelly (D:4)
  22 orc priests
  Crazy Yiuf (D:4)
  A gnoll bouda (D:8)
  7 hounds
  2 iron imps (Gauntlet)
  A cyclops simulacrum (WizLab)
  A sleepcap (D:7)
  Ijyb (D:3)
  Natasha (thrice) (D:2)
  4 iguanas
  34 orc wizards
  21 hell rats
  An ogre skeleton (Crypt:2)
  A hound zombie (Crypt:2)
  Robin (D:4)
  11 gnolls
  7 adders
  3 shadow imps
  A swamp drake skeleton (Crypt:1)
  4 white imps (Gauntlet)
  An ufetubus (D:15)
  2 dart slugs
  121 orcs
  A bat skeleton (Crypt:3)
  2 endoplasms (D:1)
  3 giant cockroaches (D:1)
  20 goblins
  9 hobgoblins
  3 jackals (D:5)
  4 quokkas
  7 ball pythons
  6 bats
  3 frilled lizards
  A hobgoblin zombie (Crypt:1)
  A jackal zombie (Crypt:2)
  22 kobolds
  3 rats (D:1)
  2 aspiring fleshes
  A foxfire (Swamp:3)
2738 creatures vanquished.

Vanquished Creatures (collateral kills)
  A pandemonium lord (Zot:4)
  An orb of fire (Zot:5)
  9 Orb Guardians
  A protean progenitor (Zot:5)
  A draconian knight (Zot:5)
  A draconian annihilator (Zot:5)
  3 green draconians (Zot:5)
  A yellow draconian (Zot:5)
  2 jorogumos (Zot:5)
  A moth of wrath (Zot:5)
  2 hellwings
  A golden eye (Zot:5)
  An ogre (Orc:2)
25 creatures vanquished.

Vanquished Creatures (others)
  2 dread liches (Zot:5)
  An orb of fire (Zot:5)
  An ancient lich (Zot:5)
  2 Killer Klowns (Zot:5)
  A tentacled monstrosity (Zot:5)
  8 Orb Guardians
  2 storm dragons (Zot:5)
  A draconian knight (Zot:5)
  2 draconian shifters (Zot:5)
  A draconian scorcher (Zot:5)
  A draconian annihilator (Zot:5)
  A black draconian (Zot:5)
  A green draconian (Zot:5)
  2 purple draconians (Zot:5)
  A red draconian (Zot:5)
  A jiangshi (Crypt:1)
  An occultist (Depths:1)
  2 moths of wrath (Zot:5)
  An orc warrior (Orc:2)
  An orc priest (D:10)
  3 orcs
  8 foxfires
44 creatures vanquished.

Grand Total: 2807 creatures vanquished

Notes
Turn   | Place    | Note
-------+----------+-------------------------------------------
     0 | D:1      | Ray the Coglin Warper began the quest for the Orb.
     0 | D:1      | Reached XP level 1. HP: 16/16 MP: 3/3
   256 | D:1      | Reached XP level 2. HP: 22/22 MP: 4/4
   369 | D:1      | Learned a level 2 spell: Blink
   386 | D:1      | Reached skill level 3 in Long Blades
   767 | D:1      | Reached XP level 3. HP: 27/27 MP: 5/5
   815 | D:1      | Found a faded altar of an unknown god.
  1437 | D:2      | Learned a level 2 spell: Lesser Beckoning
  1599 | D:3      | Noticed Natasha
  1622 | D:2      | Killed Natasha
  1623 | D:2      | Reached skill level 4 in Long Blades
  1623 | D:2      | Reached XP level 4. HP: 30/33 MP: 6/6
  1795 | D:2      | Noticed Natasha
  1803 | D:2      | Killed Natasha
  2020 | D:2      | Noticed Natasha
  2024 | D:2      | Killed Natasha
  2025 | D:2      | Reached skill level 5 in Long Blades
  2025 | D:2      | Reached XP level 5. HP: 28/38 MP: 7/7
  2328 | D:3      | Noticed Ijyb
  2453 | D:3      | Killed Ijyb
  2454 | D:3      | Reached skill level 6 in Long Blades
  2720 | D:3      | Reached XP level 6. HP: 28/44 MP: 8/8
  2805 | D:3      | Found a basalt altar of Yredelemnul.
  2915 | D:3      | Found a shadowy altar of Dithmenos.
  2955 | D:3      | Reached skill level 1 in Evocations
  3204 | D:4      | Noticed Robin
  3213 | D:4      | Killed Robin
  3230 | D:4      | Found a broken altar of Ashenzari.
  3262 | D:4      | Reached XP level 7. HP: 34/50 MP: 9/9
  3419 | D:4      | Reached skill level 7 in Long Blades
  3846 | D:4      | Found a runed translucent door.
  3847 | D:4      | Noticed Crazy Yiuf
  3976 | D:4      | Killed Crazy Yiuf
  4020 | D:5      | Entered Level 5 of the Dungeon
  4093 | D:5      | Noticed a two-headed ogre
  4107 | D:5      | a two-headed ogre changed into a torpor snail
  4107 | D:5      | Noticed a torpor snail
  4120 | D:4      | Killed a torpor snail
  4121 | D:4      | Reached skill level 8 in Long Blades
  4121 | D:4      | Reached XP level 8. HP: 26/56 MP: 7/10
  4290 | D:5      | Reached skill level 9 in Long Blades
  4590 | D:5      | Learned a level 4 spell: Manifold Assault
  4880 | D:6      | Reached skill level 10 in Long Blades
  4929 | D:6      | Found a transporter.
  4987 | D:6      | Found an ornate altar of the Wu Jian Council.
  4990 | D:6      | Found a transporter.
  4995 | D:6      | Noticed cinnamon's ghost (novice CoHu)
  5222 | D:6      | Found a staircase to the Ecumenical Temple.
  5292 | Temple   | Entered the Ecumenical Temple
  5306 | Temple   | Became a worshipper of Gozag Ym Sagoz the Greedy
  5383 | D:6      | Reached XP level 9. HP: 56/62 MP: 12/12
  5444 | D:6      | Learned a level 4 spell: Vhi's Electric Charge
  5784 | D:7      | Found a hazy altar of Hepliaklqana.
  5882 | D:7      | Noticed Jeremiah
  5963 | D:7      | Killed Jeremiah
  6138 | D:7      | Reached skill level 5 in Translocations
  6536 | D:7      | Reached skill level 5 in Evocations
  6646 | D:7      | Found a runed translucent gate.
  6646 | D:7      | Found a runed translucent gate.
  6648 | D:7      | Noticed Agrajag's ghost (novice TrFi)
  6649 | D:7      | Found a runed translucent gate.
  6842 | D:8      | Reached skill level 11 in Long Blades
  6929 | D:8      | Reached XP level 10. HP: 71/71 MP: 14/14
  7070 | D:8      | Noticed a two-headed ogre
  7081 | D:8      | Killed a two-headed ogre
  7339 | D:8      | Noticed a skeletal warrior
  7350 | D:8      | Killed a skeletal warrior
  8356 | D:9      | Found a staircase to the Lair.
  8359 | D:9      | Noticed a two-headed ogre
  8375 | D:9      | Killed a two-headed ogre
  8376 | D:9      | Reached skill level 5 in Fighting
  8376 | D:9      | Reached skill level 5 in Dodging
  8376 | D:9      | Reached XP level 11. HP: 37/79 MP: 17/17
  8772 | D:9      | Reached skill level 12 in Long Blades
  8915 | D:9      | Noticed a two-headed ogre
  8923 | D:9      | Killed a two-headed ogre
  9613 | D:9      | Noticed Pikel
  9621 | D:9      | Killed Pikel
 10119 | D:10     | Entered Level 10 of the Dungeon
 10123 | D:10     | Noticed Grum
 10207 | D:10     | Killed Grum
 10824 | D:10     | Found a white marble altar of Elyvilon.
 10995 | D:10     | Found a staircase to the Orcish Mines.
 11262 | D:11     | Noticed Sonja
 11279 | D:11     | Reached XP level 12. HP: 43/88 MP: 7/19
 11284 | D:11     | Killed Sonja
 11285 | D:11     | Reached skill level 5 in Spellcasting
 12170 | D:11     | Reached skill level 13 in Long Blades
 12461 | D:11     | Found a roughly hewn altar of Beogh.
 12850 | D:10     | Bought a pair of embroidered boots for 225 gold pieces
 12850 | D:10     | Bought a bloodstained ring mail for 270 gold pieces
 12850 | D:10     | Identified the +4 ring mail of Durar {rC+ Will++ Int+2
                  | Dex-5} (You bought it in a shop on level 10 of the Dungeon)
 12861 | D:10     | Bought an embroidered robe for 111 gold pieces
 12924 | Orc:1    | Entered Level 1 of the Orcish Mines
 13118 | Orc:1    | Noticed Urug
 13246 | Orc:1    | Killed Urug
 13698 | Orc:1    | Found a roughly hewn altar of Beogh.
 13898 | Orc:1    | Found an iron altar of Okawaru.
 14134 | Orc:2    | Entered Level 2 of the Orcish Mines
 14483 | Orc:2    | Found a roughly hewn altar of Beogh.
 14781 | Orc:2    | Found a roughly hewn altar of Beogh.
 14781 | Orc:2    | Noticed an orc high priest
 14908 | Orc:2    | Killed an orc high priest
 15101 | Orc:2    | Found Estraiv's Weapon Boutique.
 15301 | Orc:2    | Found a roughly hewn altar of Beogh.
 15338 | Orc:2    | Found Matirora's Antique Weapon Boutique.
 15573 | Orc:2    | Found a staircase to the Elven Halls.
 15865 | Orc:2    | Reached skill level 10 in Translocations
 16153 | Orc:2    | Found a roughly hewn altar of Beogh.
 16373 | Orc:2    | Reached XP level 13. HP: 96/96 MP: 4/21
 16418 | Orc:2    | Noticed an orc warlord
 16436 | Orc:2    | Killed an orc warlord
 16809 | Orc:2    | Found Amirem's Antique Armour Emporium.
 16881 | Orc:2    | Found Noraz's Antique Weapon Shoppe.
 16882 | Orc:2    | Found a roughly hewn altar of Beogh.
 16896 | Orc:2    | Bought a pitted falchion for 224 gold pieces
 16896 | Orc:2    | Identified the +6 falchion "Tiviu" {speed, Will+} (You
                  | bought it in a shop on level 2 of the Orcish Mines)
 17000 | Orc:2    | Found a roughly hewn altar of Beogh.
 17463 | D:10     | Bought ancient acid dragon scales for 1350 gold pieces
 17463 | D:10     | Identified the +3 acid dragon scales of Noevemuy {-Cast
                  | Rampage rElec Regen+ rCorr} (You bought it in a shop on
                  | level 10 of the Dungeon)
 18076 | Lair:1   | Entered Level 1 of the Lair of Beasts
 18119 | Lair:1   | Found a gate leading to a gauntlet.
 18221 | Gauntlet | Entered a Gauntlet
 18221 | Gauntlet | Found a transporter.
 18221 | Gauntlet | Found a runed translucent door.
 18222 | Gauntlet | Found a runed translucent door.
 18226 | Gauntlet | Found a transporter.
 18229 | Gauntlet | Found a transporter.
 18234 | Gauntlet | Found a runed translucent door.
 18236 | Gauntlet | Found a runed translucent door.
 18239 | Gauntlet | Found a transporter.
 18242 | Gauntlet | Found a transporter.
 18256 | Gauntlet | Found a transporter.
 18271 | Gauntlet | Found a transporter.
 18273 | Gauntlet | Noticed a dire elephant
 18278 | Gauntlet | Noticed a blizzard demon
 18282 | Gauntlet | Found a transporter.
 18290 | Gauntlet | Noticed a cacodemon
 18293 | Gauntlet | Found a transporter.
 18305 | Gauntlet | Found a transporter.
 18307 | Gauntlet | Found a transporter.
 18323 | Gauntlet | Found a transporter.
 18326 | Gauntlet | Found a transporter.
 18345 | Gauntlet | Found a transporter.
 18886 | Gauntlet | Reached skill level 14 in Long Blades
 19013 | Gauntlet | Identified the staff of Oppowkin {^Drain rF+ rCorr Str+2
                  | Int+4 Fire}
 19065 | Gauntlet | Identified the +2 hat of Dawn {+Blink rF+++ Int+5 Dex-4}
 19159 | Gauntlet | Identified the +6 buckler of the Sun {Rampage rC+ Dex+4}
 19159 | Gauntlet | Noticed a minotaur
 19164 | Gauntlet | Killed a minotaur
 19201 | Lair:1   | Identified a scroll of acquirement
 19201 | Lair:1   | Acquired the +0 cloak "Humoeh" {+Blink rElec Regen+ Str+3}
 19320 | Lair:1   | Reached skill level 10 in Evocations
 19929 | Lair:1   | Noticed Gastronok
 19934 | Lair:1   | Killed Gastronok
 20745 | Lair:2   | Noticed Amaemon
 20758 | Lair:2   | Killed Amaemon
 21042 | Lair:2   | Reached XP level 14. HP: 105/105 MP: 23/24
 21077 | Lair:2   | Acquired an adeledicnander cryoactuator {rC+ Regen+
                  | RegenMP+ Slay+3}
 21568 | Lair:2   | Noticed Maggie
 21574 | Lair:2   | Killed Maggie
 22066 | Lair:3   | Noticed Nergalle
 22073 | Lair:3   | Killed Nergalle
 22192 | Lair:3   | Noticed Kirke
 22198 | Lair:3   | Killed Kirke
 22326 | Lair:3   | Reached skill level 10 in Dodging
 22434 | Lair:3   | Found the +1 robe of Vines {NoPotionHeal Regen++++}
 22856 | Lair:3   | Reached skill level 15 in Long Blades
 22910 | Lair:3   | Found a staircase to the Swamp.
 23305 | Lair:3   | Found a hole to the Spider Nest.
 23492 | Lair:4   | Noticed Snorg
 23499 | Lair:4   | Killed Snorg
 23651 | Lair:4   | Found a viscous altar of Jiyva.
 23651 | Lair:4   | Found a staircase to the Slime Pits.
 23917 | Lair:4   | Acquired a +0 heavy double sword
 24036 | Lair:4   | Noticed a dire elephant
 24044 | Lair:4   | Killed a dire elephant
 24046 | Lair:4   | Reached XP level 15. HP: 113/113 MP: 5/27
 24383 | Lair:5   | Entered Level 5 of the Lair of Beasts
 24383 | Lair:5   | Found a runed translucent gate.
 24383 | Lair:5   | Found a runed translucent gate.
 24383 | Lair:5   | Found a runed translucent gate.
 24677 | Lair:5   | Noticed arrowsters's ghost (journeyman CoGl)
 25132 | Lair:5   | Identified the +4 leather armour "Vahufo" {rCorr Int+4}
 25177 | Lair:5   | Learned a level 2 spell: Sublimation of Blood
 25552 | Lair:5   | Identified the ring "Leugaff" {rElec MP+9 Str+3 Dex+4}
 25624 | Lair:5   | Reached skill level 1 in Necromancy
 25625 | Lair:5   | Noticed Josephine
 25634 | Lair:5   | Killed Josephine
 25883 | Lair:5   | Noticed Nessos
 25887 | Lair:5   | Killed Nessos
 26158 | D:11     | Reached skill level 16 in Long Blades
 26487 | D:12     | Reached XP level 16. HP: 122/122 MP: 4/29
 26720 | D:12     | Noticed Fannar
 26722 | D:12     | Killed Fannar
 26871 | D:12     | Noticed Erolcha
 26873 | D:12     | Killed Erolcha
 27031 | D:12     | Noticed Rupert
 27036 | D:12     | Killed Rupert
 27375 | D:13     | Bought a pair of embroidered boots for 277 gold pieces
 27378 | D:13     | Bought a scroll of revelation for 112 gold pieces
 27378 | D:13     | Bought a scroll of teleportation for 45 gold pieces
 27378 | D:13     | Bought a scroll of fog for 60 gold pieces
 27546 | D:13     | Reached skill level 10 in Fighting
 27679 | D:13     | You fall into a shaft and drop 1 floor!
 28147 | D:13     | Reached skill level 10 in Spellcasting
 28171 | D:13     | Found a gate to the Vaults.
 28420 | D:13     | Found Tuziylemm's General Store.
 28424 | D:13     | Bought a potion of haste for 140 gold pieces
 28424 | D:13     | Bought a scroll of enchant armour for 105 gold pieces
 28424 | D:13     | Bought a potion of heal wounds for 70 gold pieces
 28962 | D:15     | Entered Level 15 of the Dungeon
 28980 | D:15     | Noticed Jorgrun
 29054 | D:15     | Killed Jorgrun
 29140 | D:15     | Found a shimmering blue altar of Sif Muna.
 29385 | D:15     | Found a runed translucent door.
 29386 | D:15     | Found a shimmering altar of Xom.
 29386 | D:15     | Noticed december12's ghost (journeyman BaAr)
 29518 | D:15     | Found a staircase to the Depths.
 29914 | Swamp:1  | Entered Level 1 of the Swamp
 29992 | Swamp:1  | Reached XP level 17. HP: 78/129 MP: 20/31
 29995 | Swamp:1  | Identified the serpent talisman of the Other World {rCorr
                  | Dex+2}
 29995 | Swamp:1  | Noticed Aizul
 30004 | Swamp:1  | HP: 2/129 [Aizul (35)]
 30006 | Swamp:1  | Killed Aizul
 30046 | Swamp:1  | Noticed Louise
 30048 | Swamp:1  | Killed Louise
 30334 | Swamp:1  | Reached skill level 5 in Necromancy
 30449 | Swamp:1  | Found a large runed translucent door.
 30449 | Swamp:1  | Found a large runed translucent door.
 30449 | Swamp:1  | Noticed december12's ghost (adept BaAr)
 30781 | Swamp:2  | Reached skill level 17 in Long Blades
 31494 | Swamp:3  | Found a white marble altar of Elyvilon.
 31629 | Swamp:3  | Noticed a tentacled monstrosity
 31632 | Swamp:3  | Killed a tentacled monstrosity
 32361 | Swamp:3  | Reached XP level 18. HP: 123/138 MP: 25/33
 32364 | Swamp:3  | Reached skill level 15 in Translocations
 32415 | Swamp:3  | Got Oplodd's Atlas of the Mutated Crypt
 32589 | Spider:1 | Entered Level 1 of the Spider Nest
 32622 | Spider:1 | Bought a glowing demon blade for 684 gold pieces
 33714 | Spider:2 | Identified the +1 scimitar of Kismet {heavy, Int+5}
 34524 | Spider:3 | Noticed Teudis's ghost (adept OnIE)
 34527 | Spider:3 | Found a transporter.
 34531 | Spider:3 | Noticed Azrael
 34535 | Spider:3 | Killed Azrael
 34794 | Spider:3 | Found a transporter.
 34881 | Spider:3 | Noticed Nikola
 34890 | Spider:3 | Killed Nikola
 35086 | Spider:3 | Noticed Arachne
 35090 | Spider:3 | Killed Arachne
 35240 | Spider:4 | Entered Level 4 of the Spider Nest
 35279 | Spider:4 | Reached skill level 18 in Long Blades
 35279 | Spider:4 | Reached XP level 19. HP: 84/146 MP: 7/35
 36020 | Spider:4 | Got a gossamer rune of Zot
 36431 | Swamp:4  | Entered Level 4 of the Swamp
 36431 | Swamp:4  | Noticed Mara
 36437 | Swamp:4  | Killed Mara
 36438 | Swamp:4  | Noticed Donald
 36444 | Swamp:4  | Killed Donald
 36627 | Swamp:4  | Noticed Roxanne
 36633 | Swamp:4  | Killed Roxanne
 36800 | Swamp:4  | Noticed the 27-headed Lernaean hydra
 36805 | Swamp:4  | Killed the 25-headed Lernaean hydra
 36806 | Swamp:4  | Reached skill level 15 in Evocations
 36996 | Swamp:4  | Got a decaying rune of Zot
 37550 | Elf:1    | Entered Level 1 of the Elven Halls
 37611 | Elf:1    | Bought a potion of might for 124 gold pieces
 37611 | Elf:1    | Bought a potion of mutation for 248 gold pieces
 37611 | Elf:1    | Bought a scroll of enchant armour for 232 gold pieces
 37888 | Elf:1    | Reached XP level 20. HP: 155/155 MP: 21/36
 38226 | Elf:1    | Found Nuetucvu's Armour Shoppe.
 38481 | Elf:1    | Found an ancient bone altar of Kikubaaqudgha.
 38641 | Elf:2    | Found a runed translucent gate.
 38731 | Elf:2    | Got the Precepts of Hiemal Calefaction
 38734 | Elf:2    | Identified the +7 quarterstaff "Pioclue" {speed, rC+ Dex+2}
 38792 | Elf:2    | Found a runed translucent gate.
 38795 | Elf:2    | Found a runed translucent gate.
 38847 | Elf:2    | Found Byviok's Weapon Boutique.
 39241 | Elf:2    | Reached skill level 10 in Necromancy
 39456 | Elf:3    | Entered Level 3 of the Elven Halls
 39597 | Elf:3    | Reached skill level 15 in Dodging
 39605 | Elf:3    | Reached skill level 19 in Long Blades
 39733 | Elf:3    | Identified the +5 short sword of the Genius {freeze,
                  | ^Fragile rC+++ Str+2 Stlth-}
 39740 | Elf:3    | Identified the +3 halberd of Doom {speed, Dex+4}
 39753 | Elf:3    | Reached XP level 21. HP: 141/164 MP: 18/38
 39893 | Elf:3    | Identified the +8 sling "Ultimatum" {flame, rElec}
 39909 | Elf:3    | Found the +0 pair of gloves of the gadgeteer {Gadgeteer
                  | Wandboost ^Fragile}
 39938 | Elf:3    | Identified the staff "Ydog" {rElec Str+3 Air}
 39944 | Elf:3    | Got Dispater's Directory of Detritus
 39946 | Elf:3    | Got the Encyclopedia of Bombardment
 40062 | Elf:3    | Identified the +1 ring mail of Beyond {+Blink rN+ Dex+2}
 40111 | Elf:3    | Found a runed translucent door.
 40113 | Elf:3    | Found a shimmering altar of Xom.
 40113 | Elf:3    | Noticed Huckle's ghost (adept SpFi)
 40744 | Vaults:1 | Entered Level 1 of the Vaults
 41955 | Vaults:2 | Found a staircase to the Crypt.
 42841 | Vaults:3 | Reached XP level 22. HP: 173/173 MP: 28/40
 43048 | Vaults:3 | Noticed Asterion
 43061 | Vaults:3 | Killed Asterion
 43071 | Vaults:3 | Identified the +4 sling "Ogreslayer" {flame, Str+2 Int+4}
 43229 | Vaults:3 | Noticed Norris
 43232 | Vaults:3 | Killed Norris
 43254 | Vaults:3 | Got Further Steps in the Wizard's Wisdom
 43350 | Vaults:3 | Reached skill level 15 in Fighting
 43423 | Vaults:3 | Reached skill level 20 in Long Blades
 43486 | Vaults:3 | Noticed an ancient lich
 43495 | Vaults:3 | Killed an ancient lich
 44412 | Vaults:4 | Noticed Mennas
 44441 | Vaults:4 | Killed Mennas
 44525 | Vaults:4 | Identified the +4 robe of the Thistle {MP+9}
 44525 | Vaults:4 | Noticed Boris
 44531 | Vaults:4 | Killed Boris
 44641 | Vaults:4 | Identified the +0 pair of boots of Unreason {Str+4}
 44955 | Vaults:5 | Entered Level 5 of the Vaults
 45030 | Vaults:4 | Reached XP level 23. HP: 47/178 MP: 41/41
 45188 | Vaults:5 | Noticed a golden dragon
 45193 | Vaults:5 | Killed a golden dragon
 45312 | Vaults:5 | Reached skill level 15 in Spellcasting
 45471 | Vaults:5 | Identified the amulet "Puklairu" {Reflect Fly Str+2 SH+5
                  | Stlth+}
 45504 | Vaults:5 | Identified the ring of Freedom {Will+ AC+4}
 45567 | Vaults:5 | Identified the +6 quarterstaff of the Radish {heavy, rN+
                  | Str+3}
 45677 | Vaults:5 | Identified the staff of Fakeev {Dex+3 Conj}
 45739 | Vaults:5 | Got Toac's Anthology of the Tincture and Incineration
 46021 | Vaults:5 | Noticed a golden dragon
 46026 | Vaults:5 | Killed a golden dragon
 46027 | Vaults:5 | Identified the +4 arbalest "Imiem" {antimagic, rF++}
 46133 | Vaults:5 | Identified the amulet of Kuxe {Reflect Harm SH+5}
 46340 | Vaults:5 | Got a silver rune of Zot
 46721 | Depths:1 | Entered Level 1 of the Depths
 46723 | Depths:1 | Identified the +4 robe "Dethaame" {rC+ Dex+3}
 46723 | Depths:1 | Noticed Boris
 46730 | Depths:1 | Killed Boris
 46734 | Depths:1 | Reached XP level 24. HP: 146/192 MP: 11/42
 46763 | Depths:1 | Noticed Saint Roka
 46767 | Depths:1 | Killed Saint Roka
 46784 | Depths:1 | Reached skill level 21 in Long Blades
 46813 | Depths:1 | Found a runed translucent gate.
 46813 | Depths:1 | Found a runed translucent gate.
 46813 | Depths:1 | Found a runed translucent gate.
 46814 | Depths:1 | Noticed Xarghoihy's ghost (veteran MiCA)
 47016 | Depths:1 | Found a gateway to Hell.
 47116 | Depths:1 | Noticed the Enchantress
 47127 | Depths:1 | Killed the Enchantress
 47230 | Depths:1 | Identified the +8 spear of the Extremely Mad {vamp, SInv}
 47393 | Depths:1 | Got the Monograph on the Entrancing Gargoyle
 47491 | Depths:1 | Found Plog's General Store.
 47494 | Depths:1 | Bought a scroll of blinking for 97 gold pieces
 47673 | Depths:2 | Bought a potion of cancellation for 272 gold pieces
 47675 | Depths:2 | Bought the +4 pair of boots "Ylump" {+Inv Str+5} for 833
                  | gold pieces
 47786 | Depths:2 | Noticed a juggernaut
 47790 | Depths:2 | Killed a juggernaut
 48027 | Depths:2 | Identified the staff "Nimamo" {rF+ rC+ rN+ Int-4 Earth}
 48160 | Depths:2 | Found Bavam's Armour Boutique.
 48171 | Depths:2 | Noticed Bai Suzhen
 48178 | Depths:2 | Killed Bai Suzhen
 48206 | Depths:2 | Found Acoutenuem's Book Boutique.
 48215 | Depths:2 | Found a one-way gate leading to the halls of Pandemonium.
 48302 | Depths:2 | Found a glowing silver altar of Zin.
 48386 | Depths:2 | Found a one-way gateway to a ziggurat.
 48509 | Depths:2 | Found Kun Guj's Antique Weapon Boutique.
 48576 | Depths:2 | Found Qikloury's General Store.
 49202 | Crypt:1  | Entered Level 1 of the Crypt
 49426 | Crypt:1  | Reached XP level 25. HP: 201/201 MP: 22/42
 49427 | Crypt:1  | Identified the +4 robe "Nonafuat" {Harm Str+3}
 49427 | Crypt:1  | Noticed Boris
 49434 | Crypt:1  | Killed Boris
 49925 | Crypt:1  | You fall into a shaft and drop 1 floor!
 49956 | Crypt:2  | Found a magical portal.
 50021 | WizLab   | Entered Zonguldrok's Shrine
 50329 | WizLab   | Noticed an antique champion
 50329 | WizLab   | Noticed an antique champion
 50335 | WizLab   | Killed an antique champion
 50337 | WizLab   | Killed an antique champion
 50359 | WizLab   | Got the Commentary on Exhumation
 50360 | WizLab   | Identified the +0 plate armour "Wukki" {Rampage *Corrode
                  | rElec rPois}
 50379 | WizLab   | Identified the +13 crystal plate armour "Qefforurei"
                  | {Regen+ Str+4}
 50387 | WizLab   | Identified the +1 crystal plate armour of Life {Harm rF++
                  | rCorr Int-4}
 50602 | Crypt:2  | Found a huge runed translucent gate.
 50602 | Crypt:2  | Found a huge runed translucent gate.
 50602 | Crypt:2  | Found a huge runed translucent gate.
 50603 | Crypt:2  | Found a huge runed translucent gate.
 50603 | Crypt:2  | Found a huge runed translucent gate.
 50609 | Crypt:2  | Found a huge runed translucent gate.
 50610 | Crypt:2  | Found a huge runed translucent gate.
 50613 | Crypt:2  | Found a huge runed translucent gate.
 50614 | Crypt:2  | Found a huge runed translucent gate.
 50616 | Crypt:2  | Found a huge runed translucent gate.
 50617 | Crypt:2  | Found a huge runed translucent gate.
 50618 | Crypt:2  | Found a huge runed translucent gate.
 50619 | Crypt:2  | Found a huge runed translucent gate.
 50620 | Crypt:2  | Found a huge runed translucent gate.
 50622 | Crypt:2  | Found a huge runed translucent gate.
 50622 | Crypt:2  | Found a huge runed translucent gate.
 50626 | Crypt:2  | Found a huge runed translucent gate.
 50628 | Crypt:2  | Found a huge runed translucent gate.
 50633 | Crypt:2  | Found a huge runed translucent gate.
 50634 | Crypt:2  | Found a huge runed translucent gate.
 50634 | Crypt:2  | Found a huge runed translucent gate.
 50638 | Crypt:2  | Found a huge runed translucent gate.
 50641 | Crypt:2  | Found a huge runed translucent gate.
 50642 | Crypt:2  | Found a huge runed translucent gate.
 50642 | Crypt:2  | Found a huge runed translucent gate.
 50643 | Crypt:2  | Found a huge runed translucent gate.
 50644 | Crypt:2  | Found a huge runed translucent gate.
 50645 | Crypt:2  | Found a huge runed translucent gate.
 50646 | Crypt:2  | Found a huge runed translucent gate.
 50646 | Crypt:2  | Found a huge runed translucent gate.
 50651 | Crypt:2  | Found a huge runed translucent gate.
 50652 | Crypt:2  | Found a huge runed translucent gate.
 50652 | Crypt:2  | Found a huge runed translucent gate.
 50652 | Crypt:2  | Found a huge runed translucent gate.
 50652 | Crypt:2  | Found a huge runed translucent gate.
 50660 | Crypt:2  | Found a huge runed translucent gate.
 50714 | Crypt:2  | Identified the +2 robe of the Boiling Point {Will+}
 50714 | Crypt:2  | Noticed Boris
 50720 | Crypt:2  | Killed Boris
 50927 | Crypt:3  | Entered Level 3 of the Crypt
 51234 | Crypt:3  | Found a staircase to the Tomb.
 51597 | Crypt:3  | Identified the +6 dire flail "Sunnay" {freeze, *Corrode rC+
                  | Dex+4 Stlth+}
 51700 | Crypt:3  | Found a glowing golden altar of the Shining One.
 51708 | Crypt:3  | Found a burning altar of Makhleb.
 51857 | Crypt:3  | Reached skill level 22 in Long Blades
 51994 | Crypt:3  | Found an ancient bone altar of Kikubaaqudgha.
 52057 | Crypt:3  | Found the +8 demon blade "Leech" {evervamp, Harm ^Drain
                  | rN+}
 52087 | Crypt:3  | Identified the +0 ice dragon scales of the Locust {rF- rC++
                  | Regen+ Str+3 Dex+5}
 52098 | Crypt:3  | Identified the +2 morningstar of Massacring {protect, rC+
                  | Str+4}
 52254 | Crypt:3  | Got the Discursus on Maleficent Acts
 52659 | Crypt:3  | Learned a level 3 spell: Fugue of the Fallen
 53078 | Depths:3 | Identified the serpent talisman of the Shining Light {*Slow
                  | rN+++ Will+ Stlth-}
 53180 | Depths:3 | Reached XP level 26. HP: 211/211 MP: 43/43
 53615 | Depths:3 | Identified the amulet of Xom's Entertainment {rN+ Regen+
                  | rCorr Int+3}
 53709 | Depths:3 | Identified the staff of Ignis's Anger {rF+ rN+ Stlth+ Fire}
 54036 | Depths:3 | Found a one-way gate to the infinite horrors of the Abyss.
 54309 | Depths:4 | Entered Level 4 of the Depths
 54364 | Depths:4 | Found Bafykif's Weapon Shop.
 54368 | Depths:4 | Found Mopitt's Antique Armour Boutique.
 54371 | Depths:4 | Found Xerghu Fece's Antique Armour Shop.
 54596 | Depths:4 | Found a gate to the Realm of Zot.
 55194 | Depths:4 | Identified the +3 robe "Hoxiocig" {rCorr Str-4 Int+9 Dex-2}
 55194 | Depths:4 | Noticed Boris
 55198 | Depths:4 | Killed Boris
 55380 | Depths:4 | Learned a level 4 spell: Passage of Golubria
 55682 | D:6      | Killed cinnamon's ghost
 55764 | D:7      | Killed Agrajag's ghost
 55946 | D:15     | Reached skill level 1 in Armour
 55946 | D:15     | Reached XP level 27. HP: 185/221 MP: 41/44
 55951 | D:15     | Killed december12's ghost
 55952 | D:15     | Reached skill level 23 in Long Blades
 56177 | Lair:5   | Killed arrowsters's ghost
 56372 | Swamp:1  | Killed december12's ghost
 56638 | Spider:3 | Killed Teudis's ghost
 57035 | Elf:3    | Killed Huckle's ghost
 57808 | Depths:1 | Killed Xarghoihy's ghost
 58092 | Slime:1  | Entered Level 1 of the Pits of Slime
 59328 | Slime:5  | Entered Level 5 of the Pits of Slime
 59463 | Slime:5  | Noticed the Royal Jelly
 59475 | Slime:5  | Killed the Royal Jelly
 59525 | Slime:5  | Found the +7 mace of Variability {chaos, chaos arc}
 59553 | Slime:5  | Got a slimy rune of Zot
 59562 | Slime:5  | Identified the staff "Folalah" {rElec Will+ Int-4 Conj
                  | Hexes}
 59578 | Slime:5  | Identified the +6 sling of Ray's Woe {heavy, Dex+4}
 59581 | Slime:5  | Identified the +6 short sword "Safru" {flame, ^Contam rC-
                  | Str+7}
 59630 | Slime:5  | Identified the +6 plate armour of Atheism {rC++ Slay-4 SInv
                  | Stlth+}
 59659 | Slime:5  | Identified the +4 mace "Ogrebane" {protect, Str+4}
 59668 | Slime:5  | Identified the ring "Kaynuhiu" {rF+ Will+ rCorr Str+2
                  | Int+3}
 59755 | Slime:5  | Identified the +4 ring mail of the Gazing Gods {rElec}
 60542 | Zot:1    | Entered Level 1 of the Realm of Zot
 60939 | Zot:1    | Identified the orb "Talis" {light, rPois rN+ Ice}
 61996 | Zot:2    | Found a transporter.
 62014 | Zot:2    | Reached skill level 5 in Armour
 62316 | Zot:2    | Found a basalt altar of Yredelemnul.
 62544 | Zot:3    | Reached skill level 24 in Long Blades
 62981 | Zot:3    | Noticed an orb of fire
 62983 | Zot:3    | Killed an orb of fire
 63036 | Zot:3    | Identified the +2 scale mail of the Untouchables {Str+2
                  | Int+6}
 63146 | Zot:3    | Found a transporter.
 63150 | Zot:3    | Noticed Axujocy's ghost (master DsHu)
 63198 | Zot:3    | Found a transporter.
 63286 | Zot:3    | Found a transporter.
 63400 | Zot:3    | Found a transporter.
 64245 | Zot:5    | Entered Level 5 of the Realm of Zot
 64588 | Zot:5    | Noticed an orb of fire
 64588 | Zot:5    | Gained mutation: Your body sometimes deteriorates upon
                  | taking damage. [an orb of fire]
 64596 | Zot:5    | Gained mutation: You sometimes lose your temper in combat.
                  | [an orb of fire]
 64597 | Zot:5    | Killed an orb of fire
 64598 | Zot:5    | Lost mutation: Your body sometimes deteriorates upon taking
                  | damage. [potion of mutation]
 64598 | Zot:5    | Lost mutation: You sometimes lose your temper in combat.
                  | [potion of mutation]
 64598 | Zot:5    | Gained mutation: Your body sometimes deteriorates upon
                  | taking damage. [potion of mutation]
 64598 | Zot:5    | Gained mutation: You are agile. (Dex +4, Str/Int -1)
                  | [potion of mutation]
 64771 | Zot:5    | Noticed a dread lich
 64782 | Zot:5    | Noticed an orb of fire
 64804 | Zot:5    | Killed an ancient lich
 64818 | Zot:5    | Killed an orb of fire
 64824 | Zot:5    | Killed a dread lich
 64866 | Zot:5    | Noticed an orb of fire
 64866 | Zot:5    | Noticed an orb of fire
 64887 | Zot:5    | Noticed a dread lich
 65059 | Zot:5    | Killed an orb of fire
 65064 | Zot:5    | Got the Orb of Zot
 65072 | Zot:5    | Noticed Gaaghuosaute the pandemonium lord
 65084 | Zot:5    | Noticed Resitt the pandemonium lord
 65085 | Zot:5    | Killed Resitt the pandemonium lord
 65087 | Zot:5    | Killed Gaaghuosaute the pandemonium lord
 65154 | Zot:5    | Noticed Jetri the pandemonium lord
 65158 | Zot:5    | Killed Jetri the pandemonium lord
 65186 | Zot:4    | Noticed Manti the pandemonium lord
 65188 | Zot:4    | Killed Manti the pandemonium lord
 65525 | D:15     | Noticed Goguipt the pandemonium lord
 65530 | D:15     | Killed Goguipt the pandemonium lord
 65755 | D:$      | Escaped with the Orb!

Illustrated notes

Levels and vault maps discovered:
D:1:      dpeg_arrival_rhombi, layout_loops_ring, basic_ecumenical_altar
D:2:      layout_rooms, serial_aquarium, aquarium_bridge_long_joined
          [aquarium_subvault_wall, aquarium_subvault_bridge,
          aquarium_subvault_wall, aquarium_subvault_bridge,
          aquarium_subvault_wall, aquarium_subvault_bridge],
          aquarium_bridge_square [aquarium_subvault_wall,
          aquarium_subvault_bridge, aquarium_subvault_bridge,
          aquarium_subvault_wall], aquarium_window_3, aquarium_window_1,
          aquarium_view_4, aquarium_balcony_double_2, aquarium_pool_1,
          corexii_corridor_pit, kennysheep_pointless_box
D:3:      layout_rooms, mainiacjoe_overflow_big_doors, uniq_ijyb, uniq_natasha
D:4:      layout_loops_ring, cheibrodos_ashenzari_chains, chequers_mini_garden,
          uniq_crazy_yiuf_cottage, uniq_robin
D:5:      layout_cave_pools
D:6:      layout_basic, general_overflow_altar, minmay_temple_entry_waves,
          gammafunk_ghost_arena, minmay_splitting_lines, minmay_misc_feat_cross,
          st_stairs_1
D:7:      layout_loops_ring, worldfamousw_hep_ancestral_shrine,
          ebering_ghost_rock_garden, uniq_jeremiah
D:8:      layout_basic, minmay_misc_feat_columns, minmay_manual_monstrance
D:9:      layout_loops_corners, lair_entry_dummy, uniq_pikel
D:10:     layout_rooms, mainiacjoe_overflow_cross_hatched, david_orc_4,
          uniq_grum
D:11:     layout_roguey [special_room_orc], uniq_sonja
D:12:     layout_layer_cave, uniq_rupert, uniq_fannar, uniq_erolcha
D:13:     layout_layer_cave, grunt_vaults_entry_tiered, serial_glass,
          glass_columns_c, glass_columns_b, serial_shops,
          nicolae_shop_back_alley_shop
D:14:     layout_gridville, special_room [special_room_mythical_zoo]
D:15:     hangedman_depths_entry_civil_slaughter, layout_small_grid,
          hellmonk_sif_muna_bookshelves, ebering_ghost_xom,
          nicolae_concentric_dashed_squares_wild, uniq_jorgrun
Temple:   compressed_dpeg_triangle_lava_temple
Lair:1:   layout_layer_cave, gauntlet_entry_generic, uniq_gastronok
Lair:2:   layout_layer_cave, grunt_megastairs_4, uniq_amaemon, uniq_maggie
Lair:3:   layout_cellular_growth, mainiacjoe_swamp_entry_angry_trees,
          spider_nest_entry_funnel_web, hellmonk_guarded_unrand_vines,
          uniq_nergalle, uniq_kirke
Lair:4:   layout_hall_layers, slime_entry_1, nicolae_lair_lakeside_cave,
          lemuel_fruit_fields, serial_bayou_shore_b, uniq_snorg
Lair:5:   gammafunk_lair_ancient_temple, layout_cave_pods,
          maelrawn_ghost_gauntlet_escape, uniq_josephine, uniq_nessos
Swamp:1:  layout_basic_swamp, ebering_ghost_disaster_area,
          evilmike_swamp_ruin_rubble_2, swamp_pool_1_2,
          nicolae_swamp_snake_nest, nicolae_swamp_decorative_isthmus,
          uniq_aizul, uniq_louise
Swamp:2:  layout_basic_swamp, evilmike_swamp_ruin_house_4, swamp_pool_5,
          ldierk_geyser
Swamp:3:  regret_index_all_hallows'_manor, layout_basic_swamp,
          nicolae_swamp_godswood
Swamp:4:  swamp_old_school, layout_basic_swamp, uniq_roxanne, uniq_mara,
          uniq_donald
Spider:1: layout_spider_delve, drop_trap
Spider:2: layout_spider_delve
Spider:3: layout_cave_pods, gammafunk_ghost_arena, drop_trap, uniq_arachne,
          uniq_nikola, uniq_azrael
Spider:4: grunt_spider_rune_parallel
Slime:1:  layout_caves
Slime:2:  layout_caves
Slime:3:  layout_caves
Slime:4:  layout_caves, cheibrodos_slime_lost_civilization_7
Slime:5:  slime_pit_nicolae_amoeboid
Orc:1:    layout_caves, basic_altar, okawaru_metal_pillars_1_2, uniq_urug
Orc:2:    grunt_orc_community_town_hall, layout_caves,
          grunt_orc_community_big_house_1, grunt_orc_community_big_house_1,
          grunt_orc_community_house_1, grunt_orc_community_house_3,
          grunt_orc_community_house_1, grunt_orc_community_house_2,
          grunt_orc_community_house_2, grunt_orc_community_house_1,
          nicolae_orc_bridge_out, mines1_david
Elf:1:    minmay_elf_arrival_summoners, layout_geoelf_diagonals, serial_shops,
          shop, guppyfry_elf_altar
Elf:2:    elven_hall_of_blades_hangedman_original
          [nicolae_vaults_blade_armed_guards], layout_onion_city, serial_shops,
          shop, minmay_misc_feat_pillars, nicolae_elf_big_sculpture_3
Elf:3:    minmay_elf_hall_quartered_circle, layout_onion_city,
          ebering_ghost_xom, nicolae_twisty_statue_hallways
Vaults:1: nicolae_vaults_trapezoid_3, vaults_standard_mumra_x,
          nicolae_vaults_sightless_eye, nicolae_vaults_heist,
          ontoclasm_vaults_gateway, vaults_mumra_minichess, v_pattern_3,
          nicolae_vaults_trapezoid_4, layout_vaults_omnigrid
Vaults:2: hangedman_vaults_stretched_pinwheel, blue_anna_dwarven_crypt,
          gargoyle_guard, nicolae_vaults_network_quincunx
          [nicolae_vaults_network_quincunx_subvault,
          nicolae_vaults_network_quincunx_subvault,
          nicolae_vaults_network_quincunx_subvault,
          nicolae_vaults_network_quincunx_subvault,
          nicolae_vaults_network_quincunx_subvault], v_misc_9, v_misc_28,
          serial_library_hellmonk_big_corner, v_misc_1, grunt_vaults_funnel,
          nicolae_vaults_sesquioval_fish, nicolae_vaults_angled_halls,
          nicolae_vaults_trapezoid_4, layout_vaults_maze_bifur
Vaults:3: v_pattern_1, nicolae_vaults_tetromino_T_2,
          nicolae_vaults_you_can_take_it_with_you,
          nicolae_vaults_yaktaur_gun_rack, grunt_vaults_hallway_short,
          nicolae_vaults_network_quinsquares
          [nicolae_vaults_network_quincunx_subvault,
          nicolae_vaults_network_quincunx_subvault,
          nicolae_vaults_network_quincunx_subvault,
          nicolae_vaults_network_quincunx_subvault],
          ontoclasm_vaults_loading_screen, nicolae_vaults_offset_grid_hallway_4,
          lightli_orcish_oven, vaults_dpeg_hooks, vaults_dpeg_cross,
          vaults_room_pools, nicolae_vaults_surprise_closet, layout_vaults_ring,
          uniq_norris, uniq_asterion
Vaults:4: nicolae_vaults_network_star, v_misc_19, nicolae_vaults_network_s,
          ontoclasm_vaults_fault, hangedman_vaults_pinch,
          nicolae_vaults_bisected_slash, minmay_orc_keep,
          nicolae_vaults_antechamber_and_loot_room, nicolae_vaults_angled_halls,
          nicolae_vaults_little_squares_5, layout_vaults_big_room, uniq_boris,
          uniq_mennas
Vaults:5
Crypt:1:  layout_basic, grunt_crypt_arrival_split, grunt_megastairs_5
Crypt:2:  layout_rooms, mu_enter_wizlab_2, door_vault, uniq_josephina
Crypt:3:  church_of_pain_bobbens, layout_chaotic_city, grunt_ministairs_11,
          chequers_big_river, st_stairs_4, nzn_life_drinkers
Depths:1: layout_cave_shapes, grunt_hell_horde, ebering_ghost_rock_garden,
          serial_shops, nicolae_shop_real_fake_doors, kennysheep_cross_room,
          minmay_fountain_box, nicolae_lava_and_water, minmay_pinched_square,
          serial_bayou_shore_b, serial_bayou_shore_b, uniq_enchantress,
          uniq_saint_roka
Depths:2: minmay_the_grid_square_5x5_3x3 [minmay_the_grid_square_5x5_detours,
          minmay_the_grid_square_5x5_hollow_slash,
          minmay_the_grid_square_5x5_eight, minmay_the_grid_square_5x5_shrine2,
          minmay_the_grid_square_5x5_megaprize_open,
          minmay_the_grid_square_5x5_mess, minmay_the_grid_square_5x5_six,
          minmay_the_grid_square_5x5_three,
          minmay_the_grid_square_5x5_gyroscope], layout_cave_shapes,
          enter_ziggurat_c, pf_hell_entry_great_geh,
          kennysheep_cross_bottleneck, serial_shops, nicolae_lakefront_shop,
          shop, nicolae_shop_hallway_stairs, nicolae_book_shop_shelving,
          pan_entry, lemuel_angel_altar, uniq_bai_suzhen
Depths:3: grunt_twisty_corner, layout_basic, minmay_room_of_horrors,
          chequers_decorated_corner, hell_entry
Depths:4: grunt_zot_entry_bicorn, layout_gridlike, pf_hell_entry_tar_river,
          nicolae_abyss_entry_one_way_or_another, minmay_misc_feat_enclosed,
          minmay_shop_star, serial_bayou_shore_b
Zot:1:    grunt_zot_stairs_faceoff, layout_basic, skrybe_zot_glass_3
Zot:2:    layout_twisted_circle, regret_index_zotdec_golden_two_three,
          grunt_ministairs_6, regret_index_zotdec_carving_tricks,
          nicolae_diode_basic
Zot:3:    gammafunk_its_a_trap, layout_onion_interference,
          gammafunk_ghost_berserking_beasts
Zot:4:    layout_twisted_circle
Zot:5:    layout_gridlike

Skill      XL: |  1  2  3  4  5  6  7  8  9 10 11 12 13 14 15 16 17 18 19 20 21 22 23 24 25 26 27 |
---------------+----------------------------------------------------------------------------------+-----
Long Blades    | 3 4 5 6 8 10 11 12 13 14 15 16 17 18 19 20 21 22 24 | 24.9
Evocations     | 2 4 5 6 7 9 10 11 12 13 14 15 16 17 18 | 18.0
Dodging        | 2 3 5 6 8 9 10 11 12 13 14 15 16 17 18 19 21 | 21.4
Spellcasting   | 2 3 4 5 7 8 9 10 11 12 13 14 15 16 17 19 | 19.4
Translocations | 5 7 8 10 11 12 13 14 15 16 17 18 19 20 | 20.0
Fighting       | 3 5 6 7 8 9 10 11 12 13 14 15 16 17 18 19 21 | 21.5
Necromancy     | 2 4 6 8 9 10 11 12 13 | 13.0
Armour         | 1 7 |  7.5
Throwing       | |  0.8

Action                     |  1- 3 |  4- 6 |  7- 9 | 10-12 | 13-15 | 16-18 | 19-21 | 22-24 | 25-27 || total
---------------------------+-------+-------+-------+-------+-------+-------+-------+-------+-------++-------
  Melee: Falchion          |   114 |   185 |   205 |   164 |   893 |   231 |       |       |       ||  1792
         Dagger            |    56 |       |       |       |       |       |       |       |       ||    56
         Long sword        |       |       |   167 |   636 |       |       |       |       |       ||   803
         Scimitar          |       |       |       |   356 |   684 |       |       |       |       ||  1040
         Double sword      |       |       |       |       |   347 |   918 |   852 |   952 |  1789 ||  4858
         Demon blade       |       |       |       |       |       |   638 |   796 |   877 |  1672 ||  3983
  Throw: Dart              |       |     1 |    11 |     4 |     4 |     1 |       |       |       ||    21
         Throwing net      |       |       |     2 |       |       |       |       |       |       ||     2
   Cast: Lesser Beckoning  |       |     1 |       |     2 |     4 |       |       |       |       ||     7
         Blink             |       |       |     3 |     1 |     1 |     3 |       |     2 |       ||    10
         Manifold Assault  |       |       |       |   159 |   520 |   629 |   554 |   619 |  1219 ||  3700
         Sublimation of Bl |       |       |       |       |       |   305 |   171 |   169 |   309 ||   954
         Fugue of the Fall |       |       |       |       |       |       |       |       |     4 ||     4
 Invoke: Call Merchant     |       |       |       |     2 |     1 |     3 |     1 |     2 |     1 ||    10
         Potion Petition   |       |       |       |       |     1 |     2 |     2 |     2 |     1 ||     8
         Bribe Branch      |       |       |       |       |       |       |       |       |     3 ||     3
Ability: Invent Gizmo      |       |       |       |       |     1 |       |       |       |       ||     1
         Evoke Blink       |       |       |       |       |       |       |       |     1 |       ||     1
  Evoke: Wand              |       |       |    18 |    36 |    23 |     1 |       |     4 |       ||    82
         Lightning rod     |       |       |       |       |    17 |       |       |     4 |       ||    21
    Use: Scroll            |     5 |     2 |     6 |     4 |    10 |     8 |     7 |     1 |     5 ||    48
         Potion            |       |     1 |       |     6 |     1 |     1 |       |     1 |     2 ||    12
   Stab: Sleeping          |     1 |     1 |     2 |     1 |     1 |     1 |       |       |       ||     7
         Invisible         |       |     5 |       |       |       |       |       |       |       ||     5
         Distracted        |       |       |       |     4 |     3 |       |     1 |       |       ||     8
 Armour: Leather armour    |    59 |    48 |   112 |   175 |       |       |       |       |       ||   394
         Robe              |       |       |       |    34 |   158 |   116 |   115 |   107 |   228 ||   758
  Dodge: Dodged            |    48 |    61 |    96 |   176 |   173 |   104 |    92 |   129 |   246 ||  1125

Table legend: (Time is in decaauts)
 A = Elapsed time spent in this place.
 B = Non-inter-level travel time spent in this place.
 C = Inter-level travel time spent in this place.
 D = Time resting spent in this place.
 E = Time spent auto-exploring this place.
 F = Levels seen in this place.
 G = Mean time per level.
                   A        B        C        D        E       F      G
               +--------+--------+--------+--------+--------+-----+--------+
         Total |  68592 |  60323 |   8269 |  11374 |  39257 |  58 | 1182.6 |
       Dungeon |  19324 |  16496 |   2828 |   4977 |   9123 |  15 | 1288.3 |
        Temple |     28 |     15 |     13 |      0 |      0 |   1 |   28.0 |
          Lair |   8154 |   6886 |   1268 |   2171 |   3864 |   5 | 1630.8 |
         Swamp |   4275 |   3852 |    423 |    271 |   2888 |   4 | 1068.8 |
   Spider Nest |   4184 |   3744 |    440 |    247 |   2951 |   4 | 1046.0 |
    Slime Pits |   2293 |   2106 |    187 |     40 |   1708 |   5 |  458.6 |
  Orcish Mines |   4611 |   4295 |    316 |   2506 |   1191 |   2 | 2305.5 |
   Elven Halls |   3405 |   3079 |    326 |    142 |   2452 |   3 | 1135.0 |
        Vaults |   6835 |   5698 |   1137 |     77 |   4545 |   5 | 1367.0 |
         Crypt |   3476 |   3159 |    317 |     67 |   2508 |   3 | 1158.7 |
        Depths |   5494 |   4913 |    581 |     59 |   3952 |   4 | 1373.5 |
           Zot |   5112 |   4684 |    428 |    227 |   3533 |   5 | 1022.4 |
        Wizlab |    438 |    438 |      0 |      2 |    290 |   1 |  438.0 |
      Gauntlet |    956 |    956 |      0 |    585 |    246 |   1 |  956.0 |
               +--------+--------+--------+--------+--------+-----+--------+

Top non-repeatable levels by time:
   Orc:2: 2903 daAuts
    D:10: 2095 daAuts
     D:9: 2037 daAuts
  Lair:3: 1954 daAuts
    D:11: 1937 daAuts
  Lair:2: 1796 daAuts
   Orc:1: 1708 daAuts
  Lair:5: 1686 daAuts
Vaults:1: 1675 daAuts
     D:8: 1537 daAuts
Depths:2: 1522 daAuts
 Crypt:3: 1464 daAuts
     D:2: 1453 daAuts
Vaults:5: 1429 daAuts
  Lair:4: 1417 daAuts
